cohdb
Replays
Latest Replays
All Replays
Popular Replays
Top Player Replays
Match Explorer
How It Works
Community
CoH3 Stats
Reddit
Sign in to upload your games and track your stats! →
Sign in with Steam
Match 43361667
Unlisted
Match 43361667
Overview
Messages
Build Orders
End
Panzergrenadier Squad
Selects Panzerjäger Kommand Battlegroup
250 Light Carrier
Panzerpioneer Squad
Panzerpioneer Squad
Construct Light Support Kompanie
Selects GrB 39 Grenade Launcher Requisition
MG34 Team
Fire Support Elements
Panzerjäger Squad
Flakvierling Half-track
Selects Crew Shock Tactics
Selects Mine Fields
2.5-tonne Medical Truck
Cavalera
Bish Bash Bosh
Sturmbock80
Bogdan[UKR]
Aegon
Marieddu26 ITA
Oncle-Hô
Heat Lair
0
0
Comments
sign in to comment!
No comments posted yet!